[ PARTIDA AOE2 · #474389521 ]
UnrankedBohemios vs Burmese
[ ANÁLISIS DE REPETICIÓN · EXTRAÍDO DE LA PARTIDA GRABADA ]
Feudal
10:05
Castillos
25:19
Imperial
38:32
| APM promedio | 33.1 |
| APM pico | 74 |
| eAPM promedio | 16.6 |
| Aldeanos / militares | 147 / 374 |
Foco
⚔️ 37.3% · 🌾 62.7%
Archer ×200 · Skirmisher ×166 · Bombard Cannon ×5 · Spearman ×3
Feudal
9:16
Castillos
25:57
Imperial
42:02
| APM promedio | 41.8 |
| APM pico | 93 |
| eAPM promedio | 22.5 |
| Aldeanos / militares | 171 / 771 |
Foco
⚔️ 38.3% · 🌾 61.7%
Scout Cavalry ×451 · Knight ×303 · Monk ×10 · Militia ×4 · Spearman ×3
Feudal
9:32
Castillos
18:24
Imperial
43:22
| APM promedio | 43.2 |
| APM pico | 82 |
| eAPM promedio | 27.0 |
| Aldeanos / militares | 216 / 593 |
Foco
⚔️ 41.4% · 🌾 58.6%
Scout Cavalry ×362 · Spearman ×159 · Battle Elephant ×40 · Arambai ×20 · Trade Cart ×16 · Battering Ram ×6
Feudal
—
Castillos
—
Imperial
—
| APM promedio | 39.2 |
| APM pico | 81 |
| eAPM promedio | 21.5 |
| Aldeanos / militares | 143 / 501 |
Foco
⚔️ 56.3% · 🌾 43.7%
Scout Cavalry ×183 · Skirmisher ×88 · Cavalry Archer ×82 · Konnik ×71 · Archer ×48 · Knight ×8
Feudal
8:54
Castillos
21:44
Imperial
35:16
| APM promedio | 62.6 |
| APM pico | 107 |
| eAPM promedio | 36.0 |
| Aldeanos / militares | 194 / 506 |
Foco
⚔️ 63.0% · 🌾 37.0%
Spearman ×292 · Longbowman ×174 · Trade Cart ×44 · Knight ×17 · Trebuchet (Packed) ×16 · Scout Cavalry ×6
Feudal
10:09
Castillos
24:00
Imperial
40:48
| APM promedio | 39.7 |
| APM pico | 70 |
| eAPM promedio | 22.4 |
| Aldeanos / militares | 180 / 159 |
Foco
⚔️ 45.6% · 🌾 54.4%
Cavalry Archer ×116 · Archer ×23 · Scout Cavalry ×20 · Trade Cart ×5
Feudal
9:53
Castillos
18:46
Imperial
35:32
| APM promedio | 63.9 |
| APM pico | 140 |
| eAPM promedio | 46.5 |
| Aldeanos / militares | 219 / 1172 |
Foco
⚔️ 52.2% · 🌾 47.8%
Militia ×655 · Battle Elephant ×316 · Spearman ×187 · Scout Cavalry ×13 · Monk ×1
Feudal
9:54
Castillos
24:42
Imperial
42:07
| APM promedio | 55.9 |
| APM pico | 123 |
| eAPM promedio | 29.6 |
| Aldeanos / militares | 258 / 588 |
Foco
⚔️ 52.4% · 🌾 47.6%
Spearman ×313 · Monaspa ×189 · Cavalry Archer ×40 · Scout Cavalry ×27 · Hand Cannoneer ×8 · Knight ×4
Mapa de la partida
Recursos iniciales + cada clic de construcción. Líneas = muros · curvas = relieve. ◆ oro · ⬟ piedra · ● bayas · ✦ reliquia · ◌ hueco del cierre
Tu base· ✓ Cerrada en 25:19 · 28t muro · sin puerta
Base de SMY· Abierta — hueco de 5t
Base de Mr. Adam· Abierta — hueco de 6t
Base de DiegoRH7955· ✓ Cerrada en 22:49 · 51t muro · sin puerta
Base de 2Fost2Furious· Abierta — flanco sin cerrar
Base de Buhr· ✓ Cerrada en 24:00 · 74t muro · 2 puerta(s)
Base de El Bicho | CR7· Abierta — flanco sin cerrar
Base de Tylenol· Abierta — hueco de 7t
Terreno inicial suavizado · ◌ = hueco del cierre detectado · pasá el cursor para detalles
Inputs por minuto
— UOMOdelFORMAGGIO - - SMY
Build order — UOMOdelFORMAGGIO
Primeras 150 de 600 acciones detectadas
| 0:02 | Crear | Villager (Male) |
| 0:02 | Crear | Villager (Male) |
| 0:03 | Construir | House |
| 0:04 | Construir | House |
| 0:08 | Crear | Villager (Male) |
| 0:09 | Crear | Villager (Male) |
| 1:29 | Crear | Villager (Male) |
| 1:52 | Construir | Lumber Camp |
| 2:09 | Crear | Villager (Male) |
| 2:24 | Crear | Villager (Male) |
| 2:54 | Crear | Villager (Male) |
| 3:28 | Crear | Villager (Male) |
| 3:41 | Construir | House |
| 3:48 | Crear | Villager (Male) |
| 4:28 | Crear | Villager (Male) |
| 4:33 | Construir | House |
| 4:34 | Construir | Palisade Wall |
| 4:41 | Crear | Villager (Male) |
| 4:41 | Crear | Villager (Male) |
| 5:33 | Construir | Mill |
| 5:34 | Crear | Villager (Male) |
| 5:38 | Construir | House |
| 5:48 | Crear | Villager (Male) |
| 5:48 | Crear | Villager (Male) |
| 5:49 | Crear | Villager (Male) |
| 6:22 | Crear | Villager (Male) |
| 7:18 | Construir | Palisade Wall |
| 7:26 | Investigar | Loom |
| 7:55 | Investigar | Feudal Age |
| 8:03 | Construir | House |
| 8:23 | Construir | Mining Camp |
| 9:25 | Construir | Barracks |
| 9:37 | Construir | House |
| 10:05 | Edad | Edad Feudal |
| 10:28 | Crear | Villager (Male) |
| 10:29 | Crear | Villager (Male) |
| 10:34 | Construir | Archery Range |
| 10:42 | Crear | Villager (Male) |
| 10:49 | Investigar | Double-Bit Axe |
| 11:05 | Construir | Palisade Wall |
| 11:21 | Crear | Archer |
| 11:37 | Construir | Blacksmith |
| 11:38 | Crear | Villager (Male) |
| 11:44 | Crear | Archer |
| 11:53 | Construir | Archery Range |
| 11:56 | Crear | Villager (Male) |
| 12:04 | Construir | Palisade Wall |
| 12:08 | Crear | Archer |
| 12:16 | Construir | House |
| 12:19 | Construir | Palisade Wall |
| 12:22 | Construir | Palisade Wall |
| 12:24 | Construir | Palisade Wall |
| 12:50 | Crear | Archer |
| 12:50 | Crear | Archer |
| 13:02 | Crear | Villager (Male) |
| 13:24 | Crear | Skirmisher |
| 13:25 | Crear | Skirmisher |
| 13:26 | Crear | Villager (Male) |
| 13:36 | Construir | House |
| 13:45 | Investigar | Fletching |
| 14:06 | Construir | Farm |
| 14:09 | Construir | Farm |
| 14:13 | Crear | Archer |
| 14:50 | Construir | Farm |
| 15:04 | Construir | Farm |
| 15:07 | Crear | Archer |
| 15:08 | Crear | Archer |
| 15:08 | Crear | Archer |
| 15:30 | Construir | Farm |
| 15:32 | Crear | Archer |
| 15:48 | Construir | Market |
| 16:12 | Construir | Palisade Wall |
| 16:16 | Crear | Villager (Male) |
| 16:31 | Construir | Mining Camp |
| 16:37 | Crear | Villager (Male) |
| 16:40 | Construir | Farm |
| 16:48 | Crear | Archer |
| 16:48 | Crear | Archer |
| 16:48 | Crear | Archer |
| 17:01 | Crear | Villager (Male) |
| 17:24 | Crear | Archer |
| 17:25 | Crear | Archer |
| 17:34 | Crear | Villager (Male) |
| 17:37 | Construir | Farm |
| 17:41 | Crear | Archer |
| 17:41 | Crear | Archer |
| 18:00 | Crear | Archer |
| 18:01 | Crear | Archer |
| 18:04 | Crear | Villager (Male) |
| 18:18 | Crear | Archer |
| 18:18 | Crear | Archer |
| 18:23 | Construir | House |
| 18:24 | Construir | House |
| 18:54 | Crear | Villager (Male) |
| 18:59 | Construir | Farm |
| 19:20 | Investigar | Padded Archer Armor |
| 19:21 | Crear | Villager (Male) |
| 19:31 | Construir | Farm |
| 19:37 | Construir | Farm |
| 20:25 | Crear | Archer |
| 20:25 | Crear | Archer |
| 20:25 | Crear | Archer |
| 20:41 | Crear | Archer |
| 20:41 | Crear | Archer |
| 20:41 | Crear | Archer |
| 20:42 | Crear | Archer |
| 20:43 | Crear | Villager (Male) |
| 21:06 | Crear | Villager (Male) |
| 21:06 | Crear | Villager (Male) |
| 21:39 | Crear | Villager (Male) |
| 21:41 | Construir | House |
| 21:42 | Construir | House |
| 22:39 | Investigar | Castle Age |
| 23:21 | Investigar | Horse Collar |
| 23:25 | Crear | Archer |
| 23:25 | Crear | Archer |
| 23:49 | Construir | House |
| 24:03 | Crear | Villager (Male) |
| 24:09 | Crear | Archer |
| 24:09 | Crear | Archer |
| 24:17 | Construir | Archery Range |
| 25:09 | Crear | Archer |
| 25:10 | Crear | Archer |
| 25:10 | Crear | Archer |
| 25:19 | Edad | Edad de los Castillos |
| 25:20 | Investigar | Crossbowman (upgrade) |
| 25:23 | Investigar | Bodkin Arrow |
| 25:46 | Construir | University |
| 25:47 | Crear | Villager (Male) |
| 25:55 | Crear | Archer |
| 25:55 | Crear | Archer |
| 25:55 | Crear | Archer |
| 26:06 | Crear | Villager (Male) |
| 26:09 | Investigar | Bow Saw |
| 26:09 | Investigar | Bow Saw |
| 26:25 | Construir | Lumber Camp |
| 26:31 | Crear | Archer |
| 26:34 | Crear | Villager (Male) |
| 26:41 | Construir | House |
| 26:55 | Crear | Villager (Male) |
| 26:58 | Crear | Archer |
| 27:01 | Crear | Villager (Male) |
| 27:13 | Crear | Archer |
| 27:32 | Crear | Villager (Male) |
| 27:33 | Crear | Villager (Male) |
| 27:56 | Crear | Archer |
| 27:57 | Crear | Archer |
| 27:57 | Crear | Archer |
| 27:57 | Crear | Archer |
| 28:10 | Construir | House |
Build order — SMY
Primeras 150 de 794 acciones detectadas
| 0:01 | Crear | Villager (Male) |
| 0:01 | Crear | Villager (Male) |
| 0:01 | Crear | Villager (Male) |
| 0:02 | Construir | House |
| 0:03 | Construir | House |
| 0:32 | Crear | Villager (Male) |
| 0:32 | Crear | Villager (Male) |
| 0:32 | Crear | Villager (Male) |
| 0:33 | Crear | Villager (Male) |
| 1:52 | Crear | Villager (Male) |
| 1:52 | Crear | Villager (Male) |
| 2:00 | Construir | Lumber Camp |
| 2:02 | Crear | Villager (Male) |
| 2:03 | Crear | Villager (Male) |
| 2:24 | Crear | Villager (Male) |
| 2:24 | Crear | Villager (Male) |
| 2:56 | Crear | Villager (Male) |
| 2:56 | Crear | Villager (Male) |
| 3:06 | Crear | Villager (Male) |
| 3:06 | Crear | Villager (Male) |
| 3:24 | Construir | House |
| 3:30 | Construir | House |
| 3:32 | Construir | House |
| 3:47 | Crear | Villager (Male) |
| 3:47 | Crear | Villager (Male) |
| 5:19 | Crear | Villager (Male) |
| 5:19 | Crear | Villager (Male) |
| 5:19 | Crear | Villager (Male) |
| 5:43 | Construir | Mill |
| 6:11 | Crear | Villager (Male) |
| 6:11 | Crear | Villager (Male) |
| 6:26 | Investigar | Loom |
| 7:06 | Investigar | Feudal Age |
| 7:30 | Construir | Barracks |
| 7:33 | Construir | Palisade Wall |
| 7:35 | Construir | Palisade Wall |
| 7:46 | Construir | Palisade Wall |
| 8:27 | Crear | Villager (Male) |
| 8:27 | Crear | Villager (Male) |
| 8:27 | Crear | Villager (Male) |
| 9:16 | Edad | Edad Feudal |
| 9:16 | Construir | House |
| 9:18 | Construir | Stable |
| 9:22 | Investigar | Double-Bit Axe |
| 9:31 | Crear | Spearman |
| 9:50 | Crear | Villager (Male) |
| 9:51 | Crear | Villager (Male) |
| 10:16 | Crear | Scout Cavalry |
| 10:17 | Crear | Scout Cavalry |
| 10:35 | Construir | Blacksmith |
| 10:45 | Crear | Scout Cavalry |
| 11:17 | Crear | Villager (Male) |
| 11:18 | Crear | Scout Cavalry |
| 11:33 | Construir | House |
| 11:41 | Crear | Scout Cavalry |
| 11:45 | Crear | Villager (Male) |
| 11:45 | Crear | Villager (Male) |
| 11:56 | Construir | House |
| 11:58 | Construir | Palisade Wall |
| 12:02 | Construir | House |
| 12:05 | Crear | Scout Cavalry |
| 12:06 | Crear | Villager (Male) |
| 12:10 | Investigar | Horse Collar |
| 13:02 | Crear | Villager (Male) |
| 13:04 | Investigar | Scale Mail Armor |
| 13:06 | Investigar | Scale Barding Armor |
| 13:10 | Crear | Villager (Male) |
| 13:19 | Crear | Scout Cavalry |
| 13:28 | Crear | Villager (Male) |
| 13:28 | Crear | Villager (Male) |
| 13:30 | Construir | Farm |
| 13:47 | Construir | Palisade Wall |
| 13:54 | Crear | Villager (Male) |
| 14:00 | Crear | Scout Cavalry |
| 14:22 | Construir | House |
| 14:31 | Construir | Palisade Wall |
| 14:34 | Construir | Palisade Wall |
| 14:35 | Construir | House |
| 14:37 | Construir | House |
| 14:38 | Construir | House |
| 14:40 | Construir | Palisade Wall |
| 14:42 | Crear | Scout Cavalry |
| 14:43 | Crear | Villager (Male) |
| 14:43 | Crear | Villager (Male) |
| 14:51 | Investigar | Forging |
| 15:05 | Construir | Stable |
| 15:09 | Construir | Farm |
| 15:10 | Construir | Farm |
| 15:10 | Construir | Farm |
| 15:14 | Construir | Farm |
| 15:14 | Construir | Farm |
| 15:21 | Crear | Villager (Male) |
| 15:24 | Crear | Scout Cavalry |
| 15:40 | Construir | Farm |
| 15:51 | Construir | Farm |
| 15:54 | Crear | Villager (Male) |
| 15:55 | Crear | Villager (Male) |
| 15:58 | Crear | Scout Cavalry |
| 15:58 | Crear | Scout Cavalry |
| 16:13 | Crear | Villager (Male) |
| 16:30 | Crear | Villager (Male) |
| 16:35 | Construir | Farm |
| 16:35 | Construir | Farm |
| 16:35 | Construir | Farm |
| 16:44 | Crear | Villager (Male) |
| 16:45 | Crear | Villager (Male) |
| 16:46 | Crear | Scout Cavalry |
| 16:46 | Crear | Scout Cavalry |
| 17:01 | Construir | Farm |
| 17:22 | Crear | Scout Cavalry |
| 17:22 | Crear | Scout Cavalry |
| 17:37 | Crear | Villager (Male) |
| 17:38 | Crear | Scout Cavalry |
| 17:38 | Crear | Scout Cavalry |
| 17:53 | Crear | Scout Cavalry |
| 17:57 | Construir | Farm |
| 17:58 | Construir | Farm |
| 17:58 | Construir | Farm |
| 17:59 | Construir | Farm |
| 18:07 | Crear | Villager (Male) |
| 18:07 | Crear | Villager (Male) |
| 18:32 | Construir | Farm |
| 18:33 | Construir | Farm |
| 18:34 | Construir | Farm |
| 18:42 | Construir | House |
| 18:42 | Construir | House |
| 18:47 | Construir | Palisade Wall |
| 19:03 | Construir | Farm |
| 19:03 | Construir | Farm |
| 19:05 | Crear | Villager (Male) |
| 19:16 | Construir | Lumber Camp |
| 19:25 | Construir | House |
| 19:27 | Construir | House |
| 19:29 | Construir | Palisade Wall |
| 19:37 | Construir | House |
| 19:40 | Construir | House |
| 19:45 | Construir | Palisade Wall |
| 19:47 | Construir | House |
| 19:53 | Construir | House |
| 19:55 | Construir | Palisade Wall |
| 20:02 | Construir | Palisade Wall |
| 20:19 | Crear | Villager (Male) |
| 20:20 | Crear | Villager (Male) |
| 20:20 | Crear | Villager (Male) |
| 20:20 | Crear | Villager (Male) |
| 20:36 | Crear | Spearman |
| 20:36 | Crear | Spearman |
| 21:18 | Construir | Lumber Camp |
| 21:35 | Construir | Mining Camp |
| 21:50 | Crear | Villager (Male) |
Build order — Mr. Adam
Primeras 150 de 858 acciones detectadas
| 0:02 | Crear | Villager (Male) |
| 0:03 | Construir | House |
| 0:04 | Construir | House |
| 0:06 | Crear | Villager (Male) ×3 |
| 1:32 | Crear | Villager (Male) |
| 2:02 | Crear | Villager (Male) |
| 2:12 | Construir | Lumber Camp |
| 2:20 | Crear | Villager (Male) |
| 2:49 | Crear | Villager (Male) |
| 3:02 | Crear | Villager (Male) |
| 3:48 | Crear | Villager (Male) |
| 3:52 | Construir | House |
| 4:19 | Crear | Villager (Male) |
| 4:19 | Crear | Villager (Male) |
| 4:27 | Construir | Mill |
| 4:32 | Construir | Palisade Wall |
| 5:01 | Crear | Villager (Male) |
| 5:18 | Crear | Villager (Male) |
| 5:42 | Crear | Villager (Male) |
| 5:42 | Crear | Villager (Male) |
| 6:43 | Investigar | Loom |
| 7:22 | Investigar | Feudal Age |
| 8:06 | Construir | Barracks |
| 8:19 | Construir | Mining Camp |
| 8:59 | Construir | House |
| 9:00 | Construir | House |
| 9:02 | Construir | Palisade Wall |
| 9:07 | Crear | Villager (Male) |
| 9:17 | Construir | Palisade Gate |
| 9:32 | Edad | Edad Feudal |
| 10:04 | Construir | Archery Range |
| 10:08 | Crear | Villager (Male) |
| 10:08 | Crear | Villager (Male) |
| 10:34 | Crear | Villager (Male) |
| 10:45 | Construir | House |
| 10:45 | Construir | House |
| 10:50 | Crear | Archer |
| 11:08 | Crear | Villager (Male) |
| 11:13 | Crear | Archer |
| 11:23 | Construir | Blacksmith |
| 11:25 | Construir | House |
| 11:26 | Construir | House |
| 11:31 | Construir | Palisade Wall |
| 11:33 | Crear | Villager (Male) |
| 11:34 | Crear | Archer |
| 12:01 | Crear | Villager (Male) |
| 12:06 | Crear | Villager (Male) |
| 12:18 | Construir | House |
| 12:19 | Construir | House |
| 12:20 | Construir | House |
| 12:22 | Construir | Palisade Wall |
| 12:53 | Investigar | Fletching |
| 12:53 | Crear | Villager (Male) |
| 12:59 | Construir | Farm |
| 13:15 | Crear | Villager (Male) |
| 13:16 | Crear | Archer |
| 13:23 | Construir | Farm |
| 13:37 | Construir | Farm |
| 13:38 | Construir | Farm |
| 13:42 | Construir | Farm |
| 13:49 | Crear | Villager (Male) |
| 13:50 | Crear | Archer |
| 13:57 | Crear | Villager (Male) |
| 15:03 | Crear | Villager (Male) |
| 15:14 | Construir | Lumber Camp |
| 15:44 | Investigar | Castle Age |
| 16:03 | Construir | Mining Camp |
| 16:41 | Crear | Villager (Male) |
| 16:54 | Construir | Gate |
| 17:11 | Construir | Stone Wall |
| 17:39 | Construir | Stone Wall |
| 17:54 | Construir | Gate |
| 17:56 | Construir | Stone Wall |
| 18:24 | Edad | Edad de los Castillos |
| 18:24 | Construir | Watch Tower |
| 18:27 | Investigar | Bodkin Arrow |
| 18:39 | Construir | Market |
| 18:47 | Crear | Villager (Male) |
| 19:07 | Construir | Stone Wall |
| 19:16 | Construir | Watch Tower |
| 19:28 | Crear | Villager (Male) |
| 19:30 | Construir | Farm |
| 19:33 | Construir | Farm |
| 19:34 | Construir | Farm |
| 19:35 | Construir | Farm |
| 19:40 | Construir | Town Center |
| 19:49 | Construir | Gate |
| 20:18 | Construir | Gate |
| 20:20 | Construir | Palisade Wall |
| 20:22 | Construir | Palisade Wall |
| 20:28 | Construir | House |
| 20:45 | Construir | House |
| 20:59 | Crear | Villager (Male) |
| 21:00 | Crear | Villager (Male) |
| 21:10 | Construir | Palisade Wall |
| 21:11 | Construir | Palisade Wall |
| 21:18 | Crear | Villager (Male) |
| 21:29 | Construir | Farm |
| 21:30 | Construir | Farm |
| 21:40 | Crear | Villager (Male) |
| 22:29 | Construir | Castle |
| 22:45 | Construir | Palisade Gate |
| 22:58 | Crear | Villager (Male) |
| 22:58 | Crear | Villager (Male) |
| 23:01 | Crear | Villager (Male) |
| 23:01 | Crear | Villager (Male) |
| 23:37 | Crear | Villager (Male) |
| 23:37 | Crear | Villager (Male) |
| 23:49 | Crear | Villager (Male) |
| 24:09 | Crear | Arambai |
| 24:15 | Construir | Farm |
| 24:15 | Crear | Villager (Male) |
| 24:35 | Crear | Villager (Male) |
| 24:38 | Construir | Farm |
| 24:39 | Construir | Farm |
| 24:40 | Construir | Farm |
| 25:01 | Construir | Town Center |
| 25:07 | Construir | House |
| 25:09 | Crear | Villager (Male) |
| 25:09 | Crear | Villager (Male) |
| 25:13 | Crear | Villager (Male) ×2 |
| 25:29 | Crear | Arambai |
| 25:35 | Crear | Villager (Male) |
| 25:51 | Construir | Farm |
| 25:55 | Construir | Farm |
| 25:56 | Crear | Villager (Male) |
| 26:04 | Crear | Villager (Male) |
| 26:05 | Crear | Arambai |
| 26:20 | Construir | House |
| 26:25 | Construir | Farm |
| 26:26 | Crear | Villager (Male) |
| 26:32 | Construir | Farm |
| 26:33 | Construir | Farm |
| 26:33 | Construir | Farm |
| 26:33 | Construir | Farm |
| 26:41 | Crear | Arambai |
| 26:42 | Crear | Villager (Male) |
| 27:05 | Crear | Arambai |
| 27:07 | Crear | Villager (Male) |
| 27:25 | Crear | Arambai |
| 27:26 | Crear | Villager (Male) |
| 27:27 | Crear | Villager (Male) |
| 27:30 | Construir | Farm |
| 27:30 | Construir | Farm |
| 27:30 | Construir | Farm |
| 27:31 | Crear | Villager (Male) |
| 27:48 | Crear | Villager (Male) |
| 27:49 | Crear | Villager (Male) |
| 28:05 | Crear | Arambai |
| 28:07 | Crear | Villager (Male) |
Build order — DiegoRH7955
Primeras 150 de 908 acciones detectadas
| 0:02 | Crear | Villager (Male) |
| 0:02 | Crear | Villager (Male) |
| 0:03 | Crear | Villager (Male) |
| 0:04 | Construir | House |
| 0:06 | Construir | House |
| 0:15 | Crear | Villager (Male) |
| 1:32 | Crear | Villager (Male) |
| 2:02 | Construir | Lumber Camp |
| 2:08 | Crear | Villager (Male) |
| 2:29 | Crear | Villager (Male) |
| 2:29 | Crear | Villager (Male) |
| 2:53 | Crear | Villager (Male) |
| 3:08 | Crear | Villager (Male) |
| 3:08 | Crear | Villager (Male) |
| 3:51 | Crear | Villager (Male) |
| 3:53 | Construir | House |
| 4:16 | Crear | Villager (Male) |
| 4:30 | Construir | Mill |
| 4:47 | Crear | Villager (Male) |
| 4:48 | Crear | Villager (Male) |
| 4:48 | Crear | Villager (Male) |
| 5:18 | Crear | Villager (Male) |
| 6:00 | Crear | Villager (Male) |
| 6:20 | Crear | Villager (Male) |
| 6:32 | Construir | Barracks |
| 7:02 | Construir | Mining Camp |
| 7:03 | Investigar | Loom |
| 7:15 | Construir | House |
| 7:27 | Investigar | Feudal Age |
| 7:46 | Construir | Palisade Wall |
| 8:18 | Crear | Militia |
| 8:18 | Crear | Militia |
| 8:18 | Crear | Militia |
| 8:44 | Crear | Militia |
| 8:56 | Construir | House |
| 9:16 | Crear | Villager (Male) |
| 9:17 | Crear | Villager (Male) |
| 9:48 | Construir | Archery Range |
| 9:52 | Investigar | Double-Bit Axe |
| 10:31 | Crear | Villager (Male) |
| 10:32 | Crear | Villager (Male) |
| 10:56 | Crear | Archer |
| 10:56 | Crear | Archer |
| 10:56 | Crear | Archer |
| 10:59 | Construir | House |
| 11:03 | Construir | Archery Range |
| 11:38 | Crear | Villager (Male) |
| 11:46 | Crear | Archer |
| 11:46 | Crear | Archer |
| 11:47 | Crear | Archer |
| 11:51 | Construir | Farm |
| 11:52 | Construir | Farm |
| 11:55 | Crear | Villager (Male) |
| 12:15 | Crear | Archer |
| 12:19 | Crear | Spearman |
| 12:30 | Construir | Blacksmith |
| 12:35 | Crear | Archer |
| 12:35 | Crear | Archer |
| 12:50 | Crear | Villager (Male) |
| 12:54 | Construir | Farm |
| 13:11 | Construir | House |
| 13:30 | Crear | Villager (Male) |
| 13:32 | Construir | Farm |
| 13:39 | Construir | Palisade Wall |
| 13:50 | Crear | Archer |
| 13:50 | Crear | Archer |
| 14:10 | Investigar | Fletching |
| 14:11 | Investigar | Fletching |
| 14:26 | Crear | Villager (Male) |
| 14:26 | Crear | Villager (Male) |
| 14:28 | Construir | Farm |
| 14:32 | Construir | House |
| 14:47 | Crear | Archer |
| 14:47 | Crear | Archer |
| 14:54 | Crear | Archer |
| 14:54 | Crear | Archer |
| 15:26 | Crear | Villager (Male) |
| 15:26 | Crear | Villager (Male) |
| 15:27 | Crear | Archer |
| 15:27 | Crear | Archer |
| 15:27 | Crear | Archer |
| 15:36 | Construir | House |
| 15:37 | Construir | Palisade Wall |
| 15:45 | Crear | Spearman |
| 15:45 | Crear | Spearman |
| 15:45 | Crear | Spearman |
| 15:48 | Crear | Villager (Male) |
| 15:58 | Crear | Archer |
| 15:58 | Crear | Archer |
| 15:58 | Crear | Archer |
| 16:03 | Construir | House |
| 16:10 | Crear | Villager (Male) |
| 16:14 | Construir | Palisade Wall |
| 16:22 | Crear | Archer |
| 16:22 | Crear | Archer |
| 16:22 | Crear | Archer |
| 16:31 | Construir | Farm |
| 16:31 | Crear | Villager (Male) |
| 16:37 | Crear | Archer |
| 16:38 | Crear | Archer |
| 16:47 | Construir | Palisade Wall |
| 17:10 | Investigar | Padded Archer Armor |
| 17:12 | Crear | Villager (Male) |
| 17:13 | Crear | Archer |
| 17:13 | Crear | Archer |
| 17:37 | Crear | Archer |
| 17:37 | Crear | Archer |
| 17:38 | Crear | Villager (Male) |
| 17:38 | Crear | Villager (Male) |
| 17:41 | Construir | Farm |
| 17:45 | Construir | Palisade Wall |
| 17:58 | Crear | Spearman |
| 18:02 | Crear | Villager (Male) |
| 18:04 | Construir | Farm |
| 18:29 | Crear | Villager (Male) |
| 18:43 | Construir | House |
| 18:52 | Investigar | Wheelbarrow |
| 18:52 | Investigar | Wheelbarrow |
| 19:21 | Construir | Farm |
| 19:23 | Construir | Farm |
| 19:24 | Construir | Farm |
| 19:31 | Construir | Palisade Wall |
| 20:00 | Construir | Farm |
| 20:05 | Construir | Palisade Wall |
| 20:34 | Crear | Archer |
| 20:34 | Crear | Archer |
| 20:34 | Crear | Archer |
| 20:44 | Crear | Villager (Male) |
| 20:45 | Crear | Villager (Male) |
| 20:50 | Construir | Palisade Wall |
| 21:21 | Crear | Villager (Male) |
| 21:25 | Construir | House |
| 21:44 | Crear | Villager (Male) |
| 21:50 | Construir | Market |
| 22:02 | Crear | Villager (Male) |
| 22:49 | Investigar | Castle Age |
| 22:49 | Investigar | Castle Age |
| 22:50 | Crear | Archer |
| 22:51 | Crear | Archer |
| 22:51 | Crear | Archer |
| 22:51 | Crear | Archer |
| 22:51 | Crear | Archer |
| 22:52 | Crear | Archer |
| 22:52 | Crear | Archer |
| 23:05 | Crear | Archer |
| 23:05 | Crear | Archer |
| 23:06 | Crear | Archer |
| 23:30 | Construir | Archery Range |
| 23:38 | Construir | Palisade Gate |
| 24:05 | Crear | Archer |
Build order — 2Fost2Furious
Primeras 150 de 890 acciones detectadas
| 0:00 | Crear | Villager (Male) |
| 0:00 | Crear | Villager (Male) |
| 0:01 | Crear | Villager (Male) |
| 0:03 | Construir | House |
| 0:04 | Construir | House |
| 0:17 | Crear | Villager (Male) |
| 1:24 | Crear | Villager (Male) |
| 1:24 | Crear | Villager (Male) |
| 1:49 | Construir | Lumber Camp |
| 1:56 | Crear | Villager (Male) |
| 2:17 | Crear | Villager (Male) |
| 2:51 | Crear | Villager (Male) |
| 2:52 | Crear | Villager (Male) |
| 2:57 | Construir | House |
| 3:21 | Crear | Villager (Male) |
| 3:47 | Crear | Villager (Male) |
| 3:56 | Construir | Mill |
| 4:12 | Crear | Villager (Male) |
| 4:49 | Crear | Villager (Male) |
| 5:20 | Crear | Villager (Male) |
| 5:20 | Crear | Villager (Male) |
| 6:09 | Construir | House |
| 6:12 | Investigar | Loom |
| 6:44 | Investigar | Feudal Age |
| 7:07 | Construir | Barracks |
| 7:45 | Crear | Villager (Male) |
| 7:46 | Crear | Villager (Male) |
| 8:54 | Edad | Edad Feudal |
| 9:00 | Construir | Stable |
| 9:10 | Investigar | Double-Bit Axe |
| 9:12 | Crear | Spearman |
| 9:16 | Construir | House |
| 9:22 | Crear | Villager (Male) |
| 9:41 | Crear | Scout Cavalry |
| 9:42 | Crear | Scout Cavalry |
| 9:42 | Crear | Scout Cavalry |
| 9:46 | Construir | Farm |
| 10:02 | Crear | Villager (Male) |
| 10:23 | Crear | Villager (Male) |
| 10:25 | Crear | Scout Cavalry |
| 10:55 | Crear | Villager (Male) |
| 10:59 | Construir | House |
| 11:00 | Construir | House |
| 11:01 | Construir | House |
| 11:02 | Construir | House |
| 11:15 | Construir | Blacksmith |
| 11:16 | Construir | House |
| 11:18 | Construir | Palisade Wall |
| 11:22 | Crear | Villager (Male) |
| 11:34 | Investigar | Horse Collar |
| 11:36 | Crear | Villager (Male) |
| 12:06 | Investigar | Scale Barding Armor |
| 12:10 | Construir | Lumber Camp |
| 12:34 | Crear | Villager (Male) |
| 12:42 | Crear | Villager (Male) |
| 12:52 | Construir | Lumber Camp |
| 12:55 | Crear | Scout Cavalry |
| 12:56 | Crear | Scout Cavalry |
| 13:07 | Construir | Mining Camp |
| 13:11 | Crear | Villager (Male) |
| 13:34 | Construir | Farm |
| 13:36 | Construir | Farm |
| 13:37 | Construir | Farm |
| 13:59 | Crear | Villager (Male) |
| 14:03 | Construir | Farm |
| 14:24 | Crear | Villager (Male) |
| 14:27 | Construir | Market |
| 14:28 | Construir | House |
| 14:30 | Construir | Palisade Wall |
| 14:40 | Crear | Villager (Male) |
| 14:56 | Construir | Farm |
| 15:02 | Construir | House |
| 15:06 | Construir | Palisade Wall |
| 15:12 | Crear | Villager (Male) |
| 15:16 | Construir | Farm |
| 15:22 | Construir | Farm |
| 15:22 | Construir | Farm |
| 15:28 | Construir | Farm |
| 15:30 | Construir | Farm |
| 15:36 | Crear | Villager (Male) |
| 15:42 | Construir | Farm |
| 15:53 | Crear | Villager (Male) |
| 16:10 | Construir | Farm |
| 16:11 | Crear | Villager (Male) |
| 16:15 | Construir | Farm |
| 16:34 | Crear | Villager (Male) |
| 16:37 | Construir | Farm |
| 17:06 | Crear | Villager (Male) |
| 17:08 | Construir | Farm |
| 17:10 | Crear | Villager (Male) |
| 17:13 | Construir | Farm |
| 17:13 | Construir | Farm |
| 17:14 | Construir | Farm |
| 17:17 | Construir | Palisade Gate |
| 17:19 | Construir | Palisade Wall |
| 17:26 | Crear | Villager (Male) |
| 17:27 | Construir | Farm |
| 17:36 | Construir | House |
| 17:38 | Construir | House |
| 17:39 | Construir | Palisade Wall |
| 17:48 | Construir | Farm |
| 18:00 | Construir | House |
| 18:17 | Crear | Villager (Male) |
| 18:26 | Construir | Palisade Wall |
| 18:30 | Construir | Palisade Wall |
| 19:04 | Investigar | Castle Age |
| 19:58 | Crear | Villager (Male) |
| 19:58 | Crear | Villager (Male) |
| 20:20 | Construir | Stable |
| 20:53 | Crear | Villager (Male) |
| 21:06 | Investigar | Forging |
| 21:20 | Construir | Farm |
| 21:44 | Edad | Edad de los Castillos |
| 21:50 | Crear | Knight |
| 21:50 | Crear | Knight |
| 22:02 | Investigar | Chain Barding Armor |
| 22:02 | Investigar | Chain Barding Armor |
| 22:02 | Investigar | Bow Saw |
| 22:03 | Crear | Villager (Male) |
| 22:06 | Construir | Town Center |
| 22:12 | Construir | Town Center |
| 22:19 | Crear | Knight |
| 22:20 | Crear | Knight |
| 22:23 | Crear | Villager (Male) |
| 22:27 | Investigar | Gold Mining |
| 22:31 | Investigar | Husbandry |
| 22:42 | Crear | Knight |
| 23:10 | Crear | Knight |
| 23:10 | Crear | Knight |
| 23:16 | Crear | Knight |
| 23:22 | Crear | Villager (Male) |
| 23:23 | Crear | Villager (Male) |
| 23:23 | Crear | Villager (Male) |
| 23:38 | Construir | Town Center |
| 23:47 | Crear | Knight |
| 23:47 | Crear | Knight |
| 24:07 | Crear | Villager (Male) |
| 24:07 | Crear | Villager (Male) |
| 24:07 | Crear | Villager (Male) |
| 24:08 | Crear | Villager (Male) |
| 24:10 | Crear | Knight |
| 24:10 | Crear | Knight |
| 24:15 | Construir | Monastery |
| 24:24 | Crear | Villager (Male) |
| 24:25 | Crear | Villager (Male) |
| 24:27 | Construir | Farm |
| 24:36 | Crear | Villager (Male) |
| 24:37 | Crear | Villager (Male) |
| 24:37 | Crear | Villager (Male) |
| 24:55 | Crear | Knight |
Build order — Buhr
Primeras 150 de 520 acciones detectadas
| 0:02 | Crear | Villager (Male) ×4 |
| 1:15 | Crear | Villager (Male) |
| 1:15 | Crear | Villager (Male) |
| 1:52 | Construir | Lumber Camp |
| 1:52 | Crear | Villager (Male) |
| 2:13 | Crear | Villager (Male) |
| 2:41 | Crear | Villager (Male) |
| 2:58 | Crear | Villager (Male) |
| 3:32 | Crear | Villager (Male) |
| 4:07 | Crear | Villager (Male) |
| 4:14 | Construir | Mill |
| 4:26 | Crear | Villager (Male) |
| 4:44 | Crear | Villager (Male) |
| 5:08 | Crear | Villager (Male) |
| 5:08 | Crear | Villager (Male) |
| 5:24 | Crear | Villager (Male) |
| 5:32 | Investigar | Loom |
| 5:47 | Investigar | Loom |
| 6:03 | Crear | Villager (Male) |
| 6:25 | Investigar | Loom |
| 7:02 | Construir | Barracks |
| 7:34 | Crear | Villager (Male) |
| 7:55 | Investigar | Feudal Age |
| 8:19 | Construir | Palisade Wall |
| 8:32 | Construir | Palisade Wall |
| 8:33 | Construir | Palisade Wall |
| 8:35 | Crear | Villager (Male) |
| 8:36 | Crear | Villager (Male) |
| 9:04 | Construir | Palisade Wall |
| 9:07 | Construir | Palisade Wall |
| 9:08 | Construir | Palisade Wall |
| 9:13 | Construir | Palisade Wall |
| 9:31 | Construir | Palisade Gate |
| 9:34 | Construir | Palisade Wall |
| 9:37 | Construir | Palisade Wall |
| 9:40 | Construir | Palisade Wall |
| 9:51 | Construir | Palisade Wall |
| 9:55 | Construir | Palisade Wall |
| 10:09 | Edad | Edad Feudal |
| 10:21 | Construir | Archery Range |
| 10:48 | Crear | Archer |
| 11:10 | Construir | Mining Camp |
| 11:14 | Crear | Villager (Male) |
| 11:15 | Crear | Villager (Male) |
| 11:15 | Crear | Villager (Male) |
| 11:52 | Investigar | Double-Bit Axe |
| 12:21 | Construir | Archery Range |
| 12:25 | Crear | Villager (Male) |
| 12:25 | Crear | Villager (Male) |
| 12:43 | Crear | Villager (Male) |
| 12:43 | Crear | Villager (Male) |
| 13:06 | Investigar | Horse Collar |
| 13:06 | Investigar | Horse Collar |
| 13:16 | Crear | Archer |
| 13:16 | Crear | Archer |
| 13:16 | Crear | Archer |
| 13:25 | Construir | Watch Tower |
| 13:38 | Construir | Palisade Wall |
| 13:40 | Construir | Palisade Wall |
| 13:51 | Construir | Palisade Wall |
| 14:51 | Crear | Archer |
| 14:51 | Crear | Archer |
| 15:12 | Construir | Palisade Wall |
| 15:43 | Construir | Palisade Gate |
| 15:45 | Construir | Farm |
| 15:47 | Construir | Farm |
| 15:59 | Construir | Blacksmith |
| 16:01 | Crear | Villager (Male) |
| 16:01 | Crear | Villager (Male) |
| 16:04 | Construir | Farm |
| 16:04 | Construir | Farm |
| 16:05 | Construir | Farm |
| 16:05 | Construir | Farm |
| 16:05 | Construir | Farm |
| 16:26 | Crear | Villager (Male) |
| 16:30 | Construir | Farm |
| 16:31 | Construir | Farm |
| 16:44 | Crear | Villager (Male) |
| 16:48 | Construir | Farm |
| 17:00 | Crear | Villager (Male) |
| 17:03 | Construir | Farm |
| 17:09 | Crear | Villager (Male) |
| 17:25 | Crear | Archer |
| 17:50 | Crear | Archer |
| 17:50 | Crear | Archer |
| 17:50 | Crear | Archer |
| 17:51 | Crear | Villager (Male) |
| 17:51 | Crear | Villager (Male) |
| 17:58 | Crear | Villager (Male) |
| 17:58 | Crear | Villager (Male) |
| 18:25 | Crear | Villager (Male) |
| 18:26 | Crear | Archer |
| 18:26 | Crear | Archer |
| 18:26 | Crear | Archer |
| 18:33 | Construir | Farm |
| 18:34 | Construir | Farm |
| 18:35 | Crear | Villager (Male) |
| 18:50 | Investigar | Fletching |
| 19:04 | Construir | Lumber Camp |
| 19:14 | Crear | Villager (Male) |
| 19:29 | Crear | Villager (Male) |
| 19:49 | Construir | Farm |
| 19:53 | Crear | Villager (Male) |
| 19:53 | Crear | Villager (Male) |
| 20:15 | Crear | Archer |
| 20:15 | Crear | Archer |
| 20:22 | Construir | Farm |
| 20:24 | Construir | Farm |
| 21:20 | Investigar | Castle Age |
| 21:20 | Investigar | Castle Age |
| 21:23 | Crear | Archer |
| 21:23 | Crear | Archer |
| 22:06 | Construir | Archery Range |
| 22:34 | Crear | Villager (Male) |
| 22:35 | Crear | Villager (Male) |
| 22:37 | Investigar | Gold Mining |
| 23:13 | Investigar | Padded Archer Armor |
| 23:16 | Construir | Stable |
| 24:00 | Edad | Edad de los Castillos |
| 24:06 | Construir | Market |
| 24:10 | Crear | Cavalry Archer |
| 24:10 | Crear | Cavalry Archer |
| 24:12 | Investigar | Bodkin Arrow |
| 24:37 | Investigar | Thumb Ring |
| 24:38 | Crear | Cavalry Archer |
| 24:38 | Crear | Cavalry Archer |
| 24:38 | Crear | Cavalry Archer |
| 24:46 | Construir | Town Center |
| 25:05 | Crear | Cavalry Archer |
| 25:05 | Crear | Cavalry Archer |
| 25:22 | Construir | Archery Range |
| 25:36 | Crear | Villager (Male) |
| 25:37 | Crear | Villager (Male) |
| 26:08 | Crear | Cavalry Archer |
| 26:08 | Crear | Cavalry Archer |
| 26:22 | Crear | Villager (Male) |
| 26:22 | Crear | Villager (Male) |
| 26:22 | Crear | Villager (Male) |
| 26:22 | Crear | Villager (Male) |
| 26:25 | Crear | Cavalry Archer |
| 26:47 | Crear | Villager (Male) |
| 26:48 | Crear | Villager (Male) |
| 26:54 | Construir | Mining Camp |
| 27:03 | Crear | Cavalry Archer |
| 27:12 | Construir | Palisade Gate |
| 27:17 | Construir | Palisade Gate |
| 27:26 | Crear | Villager (Male) |
| 27:26 | Crear | Villager (Male) |
| 27:26 | Crear | Villager (Male) |
| 27:38 | Construir | Palisade Wall |
Build order — El Bicho | CR7
Primeras 150 de 1803 acciones detectadas
| 0:01 | Crear | Villager (Male) |
| 0:03 | Construir | House |
| 0:04 | Construir | House |
| 0:07 | Crear | Villager (Male) |
| 0:08 | Crear | Villager (Male) |
| 0:20 | Crear | Villager (Male) |
| 1:29 | Crear | Villager (Male) |
| 1:30 | Crear | Villager (Male) |
| 1:53 | Construir | Lumber Camp |
| 1:59 | Crear | Villager (Male) |
| 2:00 | Crear | Villager (Male) |
| 2:24 | Crear | Villager (Male) |
| 2:25 | Crear | Villager (Male) |
| 2:48 | Crear | Villager (Male) |
| 3:05 | Construir | House |
| 3:06 | Construir | House |
| 3:11 | Crear | Villager (Male) |
| 3:37 | Crear | Villager (Male) |
| 3:37 | Crear | Villager (Male) |
| 3:56 | Construir | House |
| 4:12 | Crear | Villager (Male) |
| 4:31 | Crear | Villager (Male) |
| 4:31 | Crear | Villager (Male) |
| 5:02 | Crear | Villager (Male) |
| 5:02 | Crear | Villager (Male) |
| 5:29 | Construir | Mill |
| 5:44 | Crear | Villager (Male) |
| 6:03 | Construir | Lumber Camp |
| 6:03 | Crear | Villager (Male) |
| 6:24 | Crear | Villager (Male) |
| 6:48 | Crear | Villager (Male) |
| 7:24 | Crear | Villager (Male) |
| 7:38 | Crear | Villager (Male) |
| 8:17 | Construir | Barracks |
| 8:18 | Construir | House |
| 8:35 | Investigar | Feudal Age |
| 8:35 | Investigar | Feudal Age |
| 8:35 | Investigar | Feudal Age |
| 9:15 | Construir | Mining Camp |
| 9:23 | Crear | Villager (Male) |
| 9:46 | Investigar | Loom |
| 9:53 | Edad | Edad Feudal |
| 10:02 | Construir | Stable |
| 10:26 | Construir | Farm |
| 10:27 | Crear | Villager (Male) |
| 10:46 | Investigar | Double-Bit Axe |
| 10:46 | Investigar | Double-Bit Axe |
| 10:47 | Investigar | Horse Collar |
| 10:47 | Investigar | Horse Collar |
| 11:10 | Crear | Villager (Male) |
| 11:12 | Construir | Farm |
| 11:14 | Construir | Farm |
| 11:23 | Crear | Scout Cavalry |
| 11:23 | Crear | Scout Cavalry |
| 11:34 | Crear | Villager (Male) |
| 11:38 | Construir | Farm |
| 11:51 | Construir | Farm |
| 12:26 | Crear | Villager (Male) |
| 12:27 | Crear | Villager (Male) |
| 12:35 | Crear | Scout Cavalry |
| 12:35 | Crear | Scout Cavalry |
| 12:55 | Construir | Blacksmith |
| 13:04 | Crear | Villager (Male) |
| 13:05 | Crear | Scout Cavalry |
| 13:11 | Construir | House |
| 13:13 | Crear | Scout Cavalry |
| 13:29 | Crear | Villager (Male) |
| 13:39 | Crear | Spearman |
| 13:45 | Construir | House |
| 13:53 | Investigar | Scale Barding Armor |
| 14:08 | Crear | Villager (Male) |
| 14:10 | Crear | Scout Cavalry |
| 14:15 | Crear | Villager (Male) |
| 14:22 | Crear | Villager (Male) |
| 14:22 | Crear | Villager (Male) |
| 14:31 | Construir | Farm |
| 14:33 | Construir | Farm |
| 14:34 | Construir | Farm |
| 14:36 | Crear | Villager (Male) |
| 15:06 | Crear | Scout Cavalry |
| 15:07 | Construir | House |
| 15:10 | Crear | Villager (Male) |
| 15:26 | Crear | Spearman |
| 15:30 | Crear | Villager (Male) |
| 15:51 | Construir | Market |
| 16:39 | Crear | Villager (Male) |
| 17:05 | Construir | Stable |
| 17:10 | Investigar | Castle Age |
| 17:10 | Investigar | Castle Age |
| 17:21 | Construir | Farm |
| 17:24 | Construir | Farm |
| 17:34 | Crear | Spearman |
| 17:35 | Crear | Spearman |
| 18:11 | Investigar | Forging |
| 18:12 | Investigar | Forging |
| 18:24 | Construir | Farm |
| 18:26 | Construir | Farm |
| 18:34 | Crear | Villager (Male) |
| 18:34 | Crear | Villager (Male) |
| 18:46 | Edad | Edad de los Castillos |
| 18:50 | Construir | Town Center |
| 18:57 | Crear | Battle Elephant |
| 18:57 | Crear | Battle Elephant |
| 19:11 | Construir | Farm |
| 19:21 | Crear | Villager (Male) |
| 19:25 | Construir | House |
| 19:26 | Construir | House |
| 19:42 | Crear | Battle Elephant |
| 19:44 | Investigar | Husbandry |
| 19:44 | Investigar | Husbandry |
| 19:45 | Crear | Battle Elephant |
| 19:45 | Crear | Battle Elephant |
| 19:49 | Crear | Villager (Male) |
| 19:55 | Construir | House |
| 19:56 | Construir | House |
| 19:57 | Construir | House |
| 20:02 | Construir | House |
| 20:04 | Crear | Villager (Male) |
| 20:11 | Crear | Villager (Male) |
| 20:11 | Crear | Villager (Male) |
| 20:11 | Crear | Villager (Male) |
| 20:17 | Construir | Farm |
| 20:29 | Construir | Farm |
| 20:33 | Crear | Villager (Male) |
| 20:33 | Crear | Villager (Male) |
| 20:34 | Crear | Villager (Male) |
| 20:34 | Crear | Villager (Male) |
| 20:47 | Crear | Battle Elephant |
| 20:47 | Crear | Battle Elephant |
| 20:47 | Crear | Battle Elephant |
| 20:54 | Construir | Mining Camp |
| 20:57 | Crear | Villager (Male) |
| 20:57 | Crear | Villager (Male) |
| 21:00 | Construir | Farm |
| 21:01 | Construir | Farm |
| 21:05 | Crear | Villager (Male) |
| 21:06 | Crear | Villager (Male) |
| 21:06 | Crear | Villager (Male) |
| 21:16 | Crear | Villager (Male) |
| 21:16 | Crear | Villager (Male) |
| 21:30 | Crear | Battle Elephant |
| 21:30 | Crear | Battle Elephant |
| 21:31 | Crear | Battle Elephant |
| 21:34 | Crear | Battle Elephant |
| 21:34 | Crear | Battle Elephant |
| 21:34 | Crear | Battle Elephant |
| 21:41 | Construir | House |
| 21:46 | Construir | House |
| 21:47 | Construir | House |
| 21:54 | Crear | Villager (Male) |
Build order — Tylenol
Primeras 150 de 1189 acciones detectadas
| 0:04 | Construir | House |
| 0:07 | Construir | House |
| 0:29 | Crear | Villager (Male) |
| 0:29 | Crear | Villager (Male) |
| 0:39 | Crear | Villager (Male) |
| 0:39 | Crear | Villager (Male) |
| 1:48 | Crear | Villager (Male) |
| 2:24 | Crear | Villager (Male) |
| 2:35 | Crear | Villager (Male) |
| 3:10 | Crear | Villager (Male) |
| 3:33 | Construir | House |
| 3:35 | Crear | Villager (Male) |
| 4:08 | Crear | Villager (Male) |
| 4:08 | Crear | Villager (Male) |
| 4:08 | Crear | Villager (Male) |
| 4:27 | Crear | Villager (Male) |
| 4:27 | Crear | Villager (Male) |
| 4:27 | Crear | Villager (Male) |
| 4:27 | Crear | Villager (Male) |
| 5:05 | Crear | Villager (Male) |
| 5:06 | Crear | Villager (Male) |
| 5:13 | Crear | Villager (Male) |
| 5:13 | Crear | Villager (Male) |
| 5:13 | Crear | Villager (Male) |
| 5:40 | Construir | Mill |
| 5:52 | Crear | Villager (Male) |
| 5:58 | Crear | Villager (Male) |
| 6:21 | Crear | Villager (Male) |
| 6:49 | Crear | Villager (Male) |
| 6:53 | Investigar | Loom |
| 7:19 | Construir | Farm |
| 7:44 | Investigar | Feudal Age |
| 7:44 | Investigar | Feudal Age |
| 8:14 | Construir | Barracks |
| 8:17 | Construir | House |
| 8:57 | Construir | Palisade Wall |
| 9:00 | Construir | Palisade Wall |
| 9:54 | Edad | Edad Feudal |
| 9:59 | Construir | Stable |
| 10:04 | Crear | Villager (Male) |
| 10:05 | Investigar | Double-Bit Axe |
| 10:44 | Crear | Villager (Male) |
| 10:53 | Construir | House |
| 10:54 | Crear | Scout Cavalry |
| 10:54 | Crear | Scout Cavalry |
| 10:54 | Crear | Scout Cavalry |
| 11:13 | Crear | Villager (Male) |
| 11:14 | Crear | Villager (Male) |
| 11:16 | Construir | Farm |
| 11:44 | Construir | Farm |
| 11:44 | Construir | Farm |
| 11:45 | Construir | Farm |
| 11:45 | Crear | Villager (Male) |
| 11:47 | Construir | Farm |
| 11:54 | Crear | Scout Cavalry |
| 11:57 | Crear | Villager (Male) |
| 12:10 | Construir | House |
| 12:14 | Construir | Farm |
| 12:23 | Crear | Scout Cavalry |
| 12:36 | Crear | Villager (Male) |
| 12:39 | Construir | Farm |
| 12:42 | Construir | House |
| 12:43 | Construir | House |
| 12:51 | Crear | Scout Cavalry |
| 13:51 | Crear | Scout Cavalry |
| 14:09 | Crear | Scout Cavalry |
| 14:15 | Crear | Villager (Male) |
| 14:15 | Crear | Villager (Male) |
| 14:17 | Construir | Farm |
| 14:17 | Construir | Farm |
| 14:18 | Crear | Villager (Male) |
| 14:27 | Crear | Villager (Male) |
| 14:28 | Crear | Villager (Male) |
| 14:28 | Crear | Villager (Male) |
| 14:30 | Construir | Farm |
| 14:45 | Crear | Scout Cavalry |
| 15:02 | Crear | Scout Cavalry |
| 15:25 | Crear | Scout Cavalry |
| 15:28 | Construir | Farm |
| 15:29 | Crear | Villager (Male) |
| 15:31 | Crear | Villager (Male) |
| 15:34 | Construir | Blacksmith |
| 16:00 | Crear | Scout Cavalry |
| 16:06 | Construir | Farm |
| 16:06 | Investigar | Horse Collar |
| 16:07 | Investigar | Horse Collar |
| 16:07 | Investigar | Horse Collar |
| 16:09 | Construir | House |
| 16:10 | Construir | House |
| 16:11 | Construir | House |
| 16:33 | Crear | Scout Cavalry |
| 16:49 | Crear | Scout Cavalry |
| 17:10 | Crear | Scout Cavalry |
| 17:15 | Investigar | Scale Barding Armor |
| 17:15 | Investigar | Scale Barding Armor |
| 17:15 | Investigar | Scale Barding Armor |
| 17:15 | Investigar | Scale Barding Armor |
| 17:22 | Construir | Mule Cart |
| 17:33 | Crear | Scout Cavalry |
| 17:58 | Crear | Villager (Male) |
| 18:00 | Construir | Farm |
| 18:00 | Construir | Farm |
| 18:01 | Crear | Villager (Male) |
| 18:02 | Construir | Farm |
| 18:39 | Crear | Villager (Male) |
| 18:42 | Construir | Farm |
| 18:46 | Construir | Farm |
| 18:48 | Construir | Farm |
| 19:02 | Construir | Farm |
| 19:24 | Crear | Villager (Male) |
| 19:28 | Construir | Palisade Wall |
| 20:49 | Crear | Villager (Male) |
| 20:52 | Construir | Farm |
| 20:54 | Crear | Villager (Male) |
| 21:14 | Crear | Villager (Male) |
| 21:50 | Crear | Spearman |
| 21:50 | Crear | Spearman |
| 21:51 | Construir | Barracks |
| 21:53 | Construir | Barracks |
| 22:02 | Investigar | Castle Age |
| 22:02 | Investigar | Castle Age |
| 22:17 | Construir | Barracks |
| 22:18 | Investigar | Scale Mail Armor |
| 22:19 | Investigar | Forging |
| 22:22 | Crear | Spearman |
| 22:22 | Crear | Spearman |
| 22:29 | Construir | Farm |
| 22:31 | Construir | Farm |
| 22:55 | Crear | Spearman |
| 22:56 | Crear | Spearman |
| 22:56 | Crear | Spearman |
| 23:09 | Investigar | Forging |
| 23:09 | Investigar | Forging |
| 23:10 | Crear | Spearman |
| 23:10 | Crear | Spearman |
| 23:14 | Construir | Farm |
| 23:17 | Construir | Farm |
| 23:17 | Construir | Farm |
| 23:54 | Crear | Spearman |
| 23:54 | Crear | Spearman |
| 23:58 | Construir | House |
| 24:00 | Construir | House |
| 24:01 | Construir | House |
| 24:14 | Crear | Spearman |
| 24:15 | Crear | Spearman |
| 24:21 | Construir | House |
| 24:22 | Construir | House |
| 24:37 | Construir | House |
| 24:42 | Edad | Edad de los Castillos |
| 24:46 | Investigar | Squires |
Cronología de la partida
| 4:32 | Mr. Adam · wall_segment Palisade Wall x6 |
| 4:34 | UOMOdelFORMAGGIO · wall_segment Palisade Wall x1 |
| 6:32 | DiegoRH7955 · first_building Barracks |
| 7:02 | Buhr · first_building Barracks |
| 7:07 | 2Fost2Furious · first_building Barracks |
| 7:18 | UOMOdelFORMAGGIO · wall_segment Palisade Wall x12 |
| 7:30 | SMY · first_building Barracks |
| 7:33 | SMY · wall_segment Palisade Wall x1 |
| 7:35 | SMY · wall_segment Palisade Wall x7 |
| 7:46 | SMY · wall_segment Palisade Wall x5 |
| 7:46 | DiegoRH7955 · wall_segment Palisade Wall x1 |
| 8:06 | Mr. Adam · first_building Barracks |
| 8:14 | Tylenol · first_building Barracks |
| 8:17 | El Bicho | CR7 · first_building Barracks |
| 8:19 | Buhr · wall_segment Palisade Wall x8 |
| 8:32 | Buhr · wall_segment Palisade Wall x3 |
| 8:33 | Buhr · wall_segment Palisade Wall x6 |
| 8:54 | 2Fost2Furious · age_up feudal |
| 8:57 | Tylenol · wall_segment Palisade Wall x1 |
| 9:00 | Tylenol · wall_segment Palisade Wall x10 |
| 9:00 | 2Fost2Furious · first_building Stable |
| 9:02 | Mr. Adam · wall_segment Palisade Wall x3 |
| 9:04 | Buhr · wall_segment Palisade Wall x10 |
| 9:07 | Buhr · wall_segment Palisade Wall x5 |
| 9:08 | Buhr · wall_segment Palisade Wall x6 |
| 9:13 | Buhr · wall_segment Palisade Wall x14 |
| 9:16 | SMY · age_up feudal |
| 9:18 | SMY · first_building Stable |
| 9:25 | UOMOdelFORMAGGIO · first_building Barracks |
| 9:32 | Mr. Adam · age_up feudal |
| 9:34 | Buhr · wall_segment Palisade Wall x4 |
| 9:37 | Buhr · wall_segment Palisade Wall x4 |
| 9:40 | Buhr · wall_segment Palisade Wall x4 |
| 9:48 | DiegoRH7955 · first_building Archery Range |
| 9:51 | Buhr · wall_segment Palisade Wall x1 |
| 9:53 | El Bicho | CR7 · age_up feudal |
| 9:54 | Tylenol · age_up feudal |
| 9:55 | Buhr · wall_segment Palisade Wall x8 |
| 9:59 | Tylenol · first_building Stable |
| 10:02 | El Bicho | CR7 · first_building Stable |
| 10:04 | Mr. Adam · first_building Archery Range |
| 10:05 | UOMOdelFORMAGGIO · age_up feudal |
| 10:09 | Buhr · age_up feudal |
| 10:21 | Buhr · first_building Archery Range |
| 10:34 | UOMOdelFORMAGGIO · first_building Archery Range |
| 11:05 | UOMOdelFORMAGGIO · wall_segment Palisade Wall x4 |
| 11:18 | 2Fost2Furious · wall_segment Palisade Wall x3 |
| 11:31 | Mr. Adam · wall_segment Palisade Wall x9 |
| 11:58 | SMY · wall_segment Palisade Wall x3 |
| 12:04 | UOMOdelFORMAGGIO · wall_segment Palisade Wall x8 |
| 12:19 | UOMOdelFORMAGGIO · wall_segment Palisade Wall x1 |
| 12:22 | Mr. Adam · wall_segment Palisade Wall x2 |
| 12:22 | UOMOdelFORMAGGIO · wall_segment Palisade Wall x1 |
| 12:24 | UOMOdelFORMAGGIO · wall_segment Palisade Wall x1 |
| 13:38 | Buhr · wall_segment Palisade Wall x1 |
| 13:39 | DiegoRH7955 · wall_segment Palisade Wall x8 |
| 13:40 | Buhr · wall_segment Palisade Wall x1 |
| 13:47 | SMY · wall_segment Palisade Wall x3 |
| 13:51 | Buhr · wall_segment Palisade Wall x1 |
| 14:30 | 2Fost2Furious · wall_segment Palisade Wall x1 |
| 14:31 | SMY · wall_segment Palisade Wall x6 |
| 14:34 | SMY · wall_segment Palisade Wall x3 |
| 14:40 | SMY · wall_segment Palisade Wall x6 |
| 15:06 | 2Fost2Furious · wall_segment Palisade Wall x8 |
| 15:12 | Buhr · wall_segment Palisade Wall x1 |
| 15:37 | DiegoRH7955 · wall_segment Palisade Wall x1 |
| 16:12 | UOMOdelFORMAGGIO · wall_segment Palisade Wall x1 |
| 16:14 | DiegoRH7955 · wall_segment Palisade Wall x8 |
| 16:47 | DiegoRH7955 · wall_segment Palisade Wall x5 |
| 17:00 | El Bicho | CR7 · first_market_buy 100 food |
| 17:11 | Mr. Adam · wall_segment Stone Wall x1 |
| 17:19 | 2Fost2Furious · wall_segment Palisade Wall x4 |
| 17:39 | Mr. Adam · wall_segment Stone Wall x6 |
| 17:39 | 2Fost2Furious · wall_segment Palisade Wall x6 |
| 17:45 | DiegoRH7955 · wall_segment Palisade Wall x11 |
| 17:56 | Mr. Adam · wall_segment Stone Wall x1 |
| 18:24 | Mr. Adam · age_up castle |
| 18:26 | 2Fost2Furious · wall_segment Palisade Wall x5 |
| 18:30 | 2Fost2Furious · wall_segment Palisade Wall x8 |
| 18:46 | El Bicho | CR7 · age_up castle |
| 18:47 | SMY · wall_segment Palisade Wall x1 |
| 19:07 | Mr. Adam · wall_segment Stone Wall x1 |
| 19:28 | Tylenol · wall_segment Palisade Wall x13 |
| 19:29 | SMY · wall_segment Palisade Wall x8 |
| 19:31 | DiegoRH7955 · wall_segment Palisade Wall x4 |
| 19:45 | SMY · wall_segment Palisade Wall x1 |
| 19:55 | SMY · wall_segment Palisade Wall x1 |
| 20:02 | SMY · wall_segment Palisade Wall x1 |
| 20:05 | DiegoRH7955 · wall_segment Palisade Wall x4 |
| 20:20 | Mr. Adam · wall_segment Palisade Wall x1 |
| 20:22 | Mr. Adam · wall_segment Palisade Wall x4 |
| 20:50 | DiegoRH7955 · wall_segment Palisade Wall x11 |
| 21:10 | Mr. Adam · wall_segment Palisade Wall x3 |
| 21:11 | Mr. Adam · wall_segment Palisade Wall x9 |
| 21:44 | 2Fost2Furious · age_up castle |
| 21:47 | UOMOdelFORMAGGIO · first_market_sell 100 wood |
| 21:49 | UOMOdelFORMAGGIO · first_market_buy 100 food |
| 22:13 | Mr. Adam · first_market_buy 500 stone |
| 22:16 | Mr. Adam · first_market_sell 500 wood |
| 22:29 | Mr. Adam · first_building Castle |
| 22:48 | DiegoRH7955 · first_market_buy 100 food |
| 23:16 | Buhr · first_building Stable |
| 23:30 | 2Fost2Furious · first_market_sell 100 wood |
| 23:35 | 2Fost2Furious · first_market_buy 100 stone |
| 23:54 | SMY · wall_segment Palisade Wall x1 |
| 24:00 | Buhr · age_up castle |
| 24:15 | 2Fost2Furious · first_building Monastery |
| 24:42 | Tylenol · age_up castle |
| 24:44 | Buhr · first_market_buy 100 stone |
| 25:19 | UOMOdelFORMAGGIO · age_up castle |
| 25:57 | SMY · age_up castle |
| 26:45 | SMY · first_building Monastery |
| 27:27 | Tylenol · first_building Monastery |
| 27:38 | Buhr · wall_segment Palisade Wall x3 |
| 27:38 | Buhr · wall_segment Palisade Wall x3 |
| 27:40 | Buhr · wall_segment Palisade Wall x7 |
| 27:41 | Buhr · wall_segment Palisade Wall x2 |
| 27:47 | DiegoRH7955 · first_building Monastery |
| 29:47 | 2Fost2Furious · first_building Castle |
| 29:52 | Mr. Adam · first_building Stable |
| 31:19 | DiegoRH7955 · first_building Stable |
| 31:36 | El Bicho | CR7 · first_building Castle |
| 32:00 | SMY · first_building Siege Workshop |
| 32:14 | El Bicho | CR7 · first_building Monastery |
| 32:54 | DiegoRH7955 · first_building Siege Workshop |
| 33:00 | El Bicho | CR7 · first_market_sell 100 wood |
| 33:07 | 2Fost2Furious · wall_segment Palisade Wall x2 |
| 34:18 | UOMOdelFORMAGGIO · first_building Siege Workshop |
| 34:20 | Mr. Adam · first_building Siege Workshop |
| 34:24 | DiegoRH7955 · first_building Krepost |
| 35:16 | 2Fost2Furious · age_up imperial |
| 35:32 | El Bicho | CR7 · age_up imperial |
| 35:46 | Buhr · first_building Monastery |
| 36:35 | Buhr · first_building Castle |
| 37:03 | 2Fost2Furious · first_building Siege Workshop |
| 37:10 | SMY · first_market_buy 100 food |
| 37:25 | DiegoRH7955 · first_building Castle |
| 37:39 | 2Fost2Furious · first_building Archery Range |
| 37:46 | Mr. Adam · wall_segment Stone Wall x10 |
| 38:28 | Tylenol · first_building Castle |
| 38:32 | UOMOdelFORMAGGIO · age_up imperial |
| 38:48 | SMY · first_building Archery Range |
| 39:23 | UOMOdelFORMAGGIO · first_building Castle |
| 39:27 | 2Fost2Furious · tribute_sent a jugador 1 |
| 39:27 | 2Fost2Furious · tribute_sent a jugador 2 |
| 39:27 | 2Fost2Furious · tribute_sent a jugador 3 |
| 39:27 | 2Fost2Furious · tribute_sent a jugador 5 |
| 39:27 | 2Fost2Furious · tribute_sent a jugador 6 |
| 39:27 | 2Fost2Furious · tribute_sent a jugador 7 |
| 39:27 | 2Fost2Furious · tribute_sent a jugador 8 |
| 40:35 | DiegoRH7955 · first_market_sell 100 wood |
| 40:48 | Buhr · age_up imperial |
| 41:09 | SMY · first_building Castle |
| 42:02 | SMY · age_up imperial |
| 42:07 | Tylenol · age_up imperial |
| 43:22 | Mr. Adam · age_up imperial |
| 43:50 | DiegoRH7955 · wall_segment Stone Wall x23 |
| 44:08 | Mr. Adam · wall_segment Palisade Wall x1 |
| 44:09 | Mr. Adam · wall_segment Palisade Wall x1 |
| 44:10 | Mr. Adam · wall_segment Palisade Wall x1 |
| 44:27 | Tylenol · tribute_sent a jugador 1 |
| 44:27 | Tylenol · tribute_sent a jugador 2 |
| 44:27 | Tylenol · tribute_sent a jugador 3 |
| 44:27 | Tylenol · tribute_sent a jugador 4 |
| 44:27 | Tylenol · tribute_sent a jugador 5 |
| 44:27 | Tylenol · tribute_sent a jugador 6 |
| 44:27 | Tylenol · tribute_sent a jugador 7 |
| 44:48 | SMY · first_market_sell 100 food |
| 45:08 | 2Fost2Furious · tribute_sent a jugador 1 |
| 45:08 | 2Fost2Furious · tribute_sent a jugador 2 |
| 45:08 | 2Fost2Furious · tribute_sent a jugador 3 |
| 45:08 | 2Fost2Furious · tribute_sent a jugador 5 |
| 45:08 | 2Fost2Furious · tribute_sent a jugador 6 |
| 45:08 | 2Fost2Furious · tribute_sent a jugador 7 |
| 45:08 | 2Fost2Furious · tribute_sent a jugador 8 |
| 46:09 | DiegoRH7955 · wall_segment Stone Wall x9 |
| 46:22 | 2Fost2Furious · tribute_sent a jugador 1 |
| 46:22 | 2Fost2Furious · tribute_sent a jugador 2 |
| 46:22 | 2Fost2Furious · tribute_sent a jugador 3 |
| 46:22 | 2Fost2Furious · tribute_sent a jugador 5 |
| 46:22 | 2Fost2Furious · tribute_sent a jugador 6 |
| 46:22 | 2Fost2Furious · tribute_sent a jugador 7 |
| 46:22 | 2Fost2Furious · tribute_sent a jugador 8 |
| 47:36 | DiegoRH7955 · wall_segment Stone Wall x3 |
| 47:47 | Mr. Adam · wall_segment Stone Wall x4 |
| 48:57 | 2Fost2Furious · tribute_sent a jugador 1 |
| 48:57 | 2Fost2Furious · tribute_sent a jugador 2 |
| 48:57 | 2Fost2Furious · tribute_sent a jugador 3 |
| 48:57 | 2Fost2Furious · tribute_sent a jugador 5 |
| 48:57 | 2Fost2Furious · tribute_sent a jugador 6 |
| 48:57 | 2Fost2Furious · tribute_sent a jugador 7 |
| 48:57 | 2Fost2Furious · tribute_sent a jugador 8 |
| 51:13 | 2Fost2Furious · tribute_sent a jugador 1 |
| 51:13 | 2Fost2Furious · tribute_sent a jugador 2 |
| 51:13 | 2Fost2Furious · tribute_sent a jugador 3 |
| 51:13 | 2Fost2Furious · tribute_sent a jugador 5 |
| 51:13 | 2Fost2Furious · tribute_sent a jugador 6 |
| 51:13 | 2Fost2Furious · tribute_sent a jugador 7 |
| 51:13 | 2Fost2Furious · tribute_sent a jugador 8 |
| 51:21 | 2Fost2Furious · tribute_sent a jugador 1 |
| 51:21 | 2Fost2Furious · tribute_sent a jugador 2 |
| 51:21 | 2Fost2Furious · tribute_sent a jugador 3 |
| 51:21 | 2Fost2Furious · tribute_sent a jugador 5 |
| 51:21 | 2Fost2Furious · tribute_sent a jugador 6 |
| 51:21 | 2Fost2Furious · tribute_sent a jugador 7 |
| 51:21 | 2Fost2Furious · tribute_sent a jugador 8 |
| 52:47 | 2Fost2Furious · tribute_sent a jugador 1 |
| 52:47 | 2Fost2Furious · tribute_sent a jugador 2 |
| 52:47 | 2Fost2Furious · tribute_sent a jugador 3 |
| 52:47 | 2Fost2Furious · tribute_sent a jugador 5 |
| 52:47 | 2Fost2Furious · tribute_sent a jugador 6 |
| 52:47 | 2Fost2Furious · tribute_sent a jugador 7 |
| 52:47 | 2Fost2Furious · tribute_sent a jugador 8 |
| 52:59 | 2Fost2Furious · tribute_sent a jugador 1 |
| 52:59 | 2Fost2Furious · tribute_sent a jugador 2 |
| 52:59 | 2Fost2Furious · tribute_sent a jugador 3 |
| 52:59 | 2Fost2Furious · tribute_sent a jugador 5 |
| 52:59 | 2Fost2Furious · tribute_sent a jugador 6 |
| 52:59 | 2Fost2Furious · tribute_sent a jugador 7 |
| 52:59 | 2Fost2Furious · tribute_sent a jugador 8 |
| 54:29 | Tylenol · first_market_buy 100 stone |
| 56:12 | Tylenol · first_building Siege Workshop |
| 56:21 | 2Fost2Furious · tribute_sent a jugador 1 |
| 56:21 | 2Fost2Furious · tribute_sent a jugador 2 |
| 56:21 | 2Fost2Furious · tribute_sent a jugador 3 |
| 56:21 | 2Fost2Furious · tribute_sent a jugador 5 |
| 56:21 | 2Fost2Furious · tribute_sent a jugador 6 |
| 56:21 | 2Fost2Furious · tribute_sent a jugador 7 |
| 56:21 | 2Fost2Furious · tribute_sent a jugador 8 |
| 57:03 | 2Fost2Furious · tribute_sent a jugador 1 |
| 57:03 | 2Fost2Furious · tribute_sent a jugador 2 |
| 57:03 | 2Fost2Furious · tribute_sent a jugador 3 |
| 57:03 | 2Fost2Furious · tribute_sent a jugador 5 |
| 57:03 | 2Fost2Furious · tribute_sent a jugador 6 |
| 57:03 | 2Fost2Furious · tribute_sent a jugador 7 |
| 57:03 | 2Fost2Furious · tribute_sent a jugador 8 |
| 57:15 | Tylenol · first_building Archery Range |
| 58:29 | Buhr · tribute_sent a jugador 1 |
| 58:29 | Buhr · tribute_sent a jugador 2 |
| 58:29 | Buhr · tribute_sent a jugador 3 |
| 58:29 | Buhr · tribute_sent a jugador 4 |
| 58:29 | Buhr · tribute_sent a jugador 5 |
| 58:29 | Buhr · tribute_sent a jugador 7 |
| 58:29 | Buhr · tribute_sent a jugador 8 |
| 60:10 | 2Fost2Furious · tribute_sent a jugador 1 |
| 60:10 | 2Fost2Furious · tribute_sent a jugador 2 |
| 60:10 | 2Fost2Furious · tribute_sent a jugador 3 |
| 60:10 | 2Fost2Furious · tribute_sent a jugador 5 |
| 60:10 | 2Fost2Furious · tribute_sent a jugador 6 |
| 60:10 | 2Fost2Furious · tribute_sent a jugador 7 |
| 60:10 | 2Fost2Furious · tribute_sent a jugador 8 |
| 61:44 | 2Fost2Furious · tribute_sent a jugador 1 |
| 61:44 | 2Fost2Furious · tribute_sent a jugador 2 |
| 61:44 | 2Fost2Furious · tribute_sent a jugador 3 |
| 61:44 | 2Fost2Furious · tribute_sent a jugador 5 |
| 61:44 | 2Fost2Furious · tribute_sent a jugador 6 |
| 61:44 | 2Fost2Furious · tribute_sent a jugador 7 |
| 61:44 | 2Fost2Furious · tribute_sent a jugador 8 |
| 61:59 | Mr. Adam · tribute_sent a jugador 1 |
| 61:59 | Mr. Adam · tribute_sent a jugador 3 |
| 61:59 | Mr. Adam · tribute_sent a jugador 4 |
| 61:59 | Mr. Adam · tribute_sent a jugador 5 |
| 61:59 | Mr. Adam · tribute_sent a jugador 6 |
| 61:59 | Mr. Adam · tribute_sent a jugador 7 |
| 61:59 | Mr. Adam · tribute_sent a jugador 8 |
| 63:01 | SMY · wall_segment Palisade Wall x1 |
| 63:25 | DiegoRH7955 · wall_segment Stone Wall x27 |
| 64:05 | Mr. Adam · wall_segment Palisade Wall x11 |
| 65:54 | 2Fost2Furious · tribute_sent a jugador 1 |
| 65:54 | 2Fost2Furious · tribute_sent a jugador 2 |
| 65:54 | 2Fost2Furious · tribute_sent a jugador 3 |
| 65:54 | 2Fost2Furious · tribute_sent a jugador 5 |
| 65:54 | 2Fost2Furious · tribute_sent a jugador 6 |
| 65:54 | 2Fost2Furious · tribute_sent a jugador 7 |
| 65:54 | 2Fost2Furious · tribute_sent a jugador 8 |
| 65:55 | Mr. Adam · tribute_sent a jugador 1 |
| 65:55 | Mr. Adam · tribute_sent a jugador 3 |
| 65:55 | Mr. Adam · tribute_sent a jugador 4 |
| 65:55 | Mr. Adam · tribute_sent a jugador 5 |
| 65:55 | Mr. Adam · tribute_sent a jugador 6 |
| 65:55 | Mr. Adam · tribute_sent a jugador 7 |
| 65:55 | Mr. Adam · tribute_sent a jugador 8 |
| 66:00 | Mr. Adam · tribute_sent a jugador 1 |
| 66:00 | Mr. Adam · tribute_sent a jugador 3 |
| 66:00 | Mr. Adam · tribute_sent a jugador 4 |
| 66:00 | Mr. Adam · tribute_sent a jugador 5 |
| 66:00 | Mr. Adam · tribute_sent a jugador 6 |
| 66:00 | Mr. Adam · tribute_sent a jugador 7 |
| 66:00 | Mr. Adam · tribute_sent a jugador 8 |
| 66:53 | DiegoRH7955 · wall_segment Stone Wall x20 |
| 71:50 | 2Fost2Furious · resign |
[ ANÁLISIS IA · 1 CRÉDITO ]
¿Qué pasó realmente en esta partida?
Wolo.gg analiza cada decisión: build order, eco, micro, errores típicos por bracket. Análisis personalizado por WhatsApp o Discord en 30 segundos.
Guía civ
Bohemios
Perfil
Jugador #2371473